 Dungeon Crawl Stone Soup version 0.28-a0-1152-g9c71ebef14 (webtiles) character file.

Game seed: 7796535436164225059

1057 spaghetti the Fighter (level 8, -3/61 HPs)
             Began as an Octopode Delver on Dec 14, 2021.
             Was an Initiate of Gozag.
             Slain by a sky beast (5 damage)
             ... on level 7 of the Dungeon.
             The game lasted 00:07:53 (4024 turns).

spaghetti the Fighter (Octopode Delver)             Turns: 4024, Time: 00:07:53

Health: -3/61      AC:  1    Str: 11    XL:     8   Next: 26%
Magic:  8/8        EV: 14    Int: 21    God:    Gozag
Gold:   142        SH:  0    Dex: 15    Spells: 7/7 levels left

rFire   + . .      SeeInvis .   b - +0 short sword (elec) {short}
rCold   . . .      Faith    .   (no shield)
rNeg    . . .      Spirit   .   (helmet restricted)
rPois   .          Reflect  .   (no amulet)
rElec   .          Harm     .   h - +6 ring of intelligence
rCorr   .          Rampage  .   n - ring of protection from fire
Will    .....                   (no ring)
Stlth   ++++......              (no ring)
HPRegen 0.20/turn               (no ring)
MPRegen 0.11/turn               (no ring)
                                (no ring)
                                (no ring)

@: gold aura
A: almost no armour, amphibious, 8 rings, camouflage 1, gelatinous body 1,
(nimble swimmer 1), tentacles, agile 1
a: Renounce Religion, Potion Petition, Call Merchant, Bribe Branch


You were on level 7 of the Dungeon.
You worshipped Gozag.
Gozag was aware of your devotion.
You visited 2 branches of the dungeon, and saw 5 of its levels.

You collected 175 gold pieces.
You paid 33 gold pieces to Gozag.


Innate Abilities, Weirdness & Mutations

You cannot wear most types of armour.
You are amphibious.
You can wear up to eight rings at the same time.
Your skin changes colour to match your surroundings (Stealth+).
Your rubbery body absorbs attacks. (AC +1, EV +1)
((You are camouflaged near water. (Stealth+)))
You have tentacles for arms and can constrict up to eight enemies at once.
You are agile. (Dex +2)


   Skills:
 + Level 8.2 Fighting
 - Level 5.1 Axes
 + Level 3.1 Dodging
 - Level 6.6 Stealth


You had 7 spell levels left.
You didn't know any spells.
Your spell library contained the following spells:

 Spells                   Type           Power      Damage    Failure   Level
 Foxfire                  Conj/Fire      0%         2x1d4     19%         1
 Magic Dart               Conj           0%         1d3       19%         1
 Passwall                 Tmut/Erth      0%         N/A       26%         2
 Searing Ray              Conj           0%         2d4       26%         2
 Conjure Flame            Conj/Fire      0%         6-21      47%         3
 Inner Flame              Hex/Fire       0%         N/A       47%         3
 Ozocubu's Armour         Ice            0%         N/A       47%         3
 Summon Guardian Golem    Hex/Summ       0%         N/A       47%         3
 Swiftness                Air            0%         N/A       47%         3
 Flame Wave               Conj/Fire      0%         2d4       87%         4
 Fulminant Prism          Conj/Hex       0%         3d6       87%         4
 Orb of Destruction       Conj           0%         N/A       100%        7
 Ozocubu's Refrigeration  Ice            0%         4d5       100%        7
 Spellforged Servitor     Conj/Summ      0%         N/A       100%        7

Inventory:

Hand Weapons
 a - a +0 hand axe {axe}
 b - a +0 short sword of electrocution (weapon) {short}
   (You took it off Duvessa on level 6 of the Dungeon)
 c - a +0 short sword of speed {short}
   (You took it off an orc on level 4 of the Dungeon)
 j - a +1 vampiric hand axe {axe}
   (You took it off an orc on level 4 of the Dungeon)
Missiles
 i - 12 bolts
 q - 44 stones (quivered) {throwing}
Jewellery
 h - a +6 ring of intelligence (left tentacle)
   (You found it on level 5 of the Dungeon)
 n - a ring of protection from fire (right tentacle)
   (You found it on level 4 of the Dungeon)
Wands
 f - a wand of digging (2)
 m - a wand of flame (14)
   (You found it on level 6 of the Dungeon)
Scrolls
 k - a scroll of identify {@r1}
Potions
 d - a potion of mutation {!q}

Dungeon Overview and Level Annotations

Branches:
Dungeon (7/15)             Temple (1/1) D:5

Altars:
Cheibriados
Elyvilon
Fedhas
Gozag
Kikubaaqudgha
Nemelex Xobeh
Qazlal
Sif Muna
Trog
Vehumet
Yredelemnul
Zin
The Shining One

Annotations:
D:4 exclusions: ogre and 1 more exclusion
D:5 3 runed translucent doors, exclusion: black bear, ytrimaz's ghost, novice OpTm
D:6 1 runed translucent door, mandarbmax's ghost, novice TrCA

...###. ## ....)#. .#.##
....... ...#
........##...#
......#.<....##
.........##...#
#..........###
###......#...# ###
......$.##@..###.#
.........$###.##.###
........$..##......##
..............###...#
.......##.$.o.####..##
.......###.....###...#
........##..#....##..###
............####..##...#
...........#####......##


There were no monsters in sight!


Message History

You hit the orc. Your squeeze misses the orc. Something hits you.
Something shocks you. The orc hits you with a +0 dagger.
Something hits you. 😮 HP[-9]
You take 9 damage, and now have 33/61 hp.
Okay, then.
Unknown command.
You are too confused!
Unknown command.
You are too confused!
You feel better. Something hits you. Something shocks you.
The orc hits you with a +0 dagger. Something hits you.
* * * LOW HITPOINT WARNING * * *
😨 HP[-5]
You take 5 damage, and now have 28/61 hp.
Okay, then.
Unknown command.
Okay, then.
Okay, then.
Unknown command.
The orc is distracted by your dazzling golden aura.
Something hits you but does no damage.
The orc is no longer distracted by gold.
You miss something. 😨 HP[+1]
You miss something. Something hits you.
* * * LOW HITPOINT WARNING * * *
😨 HP[-3]
You take 3 damage, and now have 26/61 hp.
Unknown command.
Unknown command. 😨 HP[+1]
A boulder beetle comes into view.
Okay, then.
Unknown command.
Okay, then.
Unknown command.
Okay, then.
You feel yourself speed up. The orc misses you. 😨 HP[+1] 😨 HP[+1]
Aiming: Dig
Press: ? - help, Shift-Dir - straight line A rock wall.
The rock shatters into small pieces. 😨 HP[+1] 😮 HP[+1] 😮 HP[+1]
Your extra speed is starting to run out.
You feel yourself slow down.
An orc is nearby! 😮 HP[+1] Unknown command.
You start resting.
An orc is nearby! 😮 HP[+1]
You hit the orc. Your grab misses the orc. The orc barely misses you.
You hit the orc.
You kill the orc!
The sky beast flickers out of sight!
Aiming: Throw Flame
Press: ? - help, Shift-Dir - straight line Something hits you.
* * * LOW HITPOINT WARNING * * *
Something shocks you.
* * * LOW HITPOINT WARNING * * *
😨 HP[-11]
You take 11 damage, and now have 23/61 hp.
Aiming: Throw Flame
Press: ? - help, Shift-Dir - straight line Something hits you.
* * * LOW HITPOINT WARNING * * *
Something shocks you.
* * * LOW HITPOINT WARNING * * *
😱 HP[-9]
You take 9 damage, and now have 14/61 hp.
Okay, then.
Okay, then.
Aiming: Throw Flame
Press: ? - help, Shift-Dir - straight line Something barely misses you.
Aiming: Throw Flame
Press: ? - help, Shift-Dir - straight line The puff of flame hits something.
Something hits you.
* * * LOW HITPOINT WARNING * * *
Something shocks you.
* * * LOW HITPOINT WARNING * * *
😱 HP[-8]
You take 8 damage, and now have 6/61 hp.
Okay, then.
Unknown command.
Okay, then.
Unknown command.
Okay, then.
Aiming: Throw Flame
Press: ? - help, Shift-Dir - straight line Something hits you.
* * * LOW HITPOINT WARNING * * *
Something shocks you.
You die...
Your body crumbles into a pile of gold.

Skill      XL: |  1  2  3  4  5  6  7  8 |
---------------+-------------------------+-----
Fighting       | 4 5 6 8 |  8.2
Axes           | 3 4 5 |  5.1
Dodging        | 3 |  3.1
Stealth        | |  6.6

Action                   |  1- 3 |  4- 6 |  7- 9 || total
-------------------------+-------+-------+-------++-------
Melee: Hand axe          |    22 |    65 |    33 ||   120
       Constrict         |     7 |    14 |    11 ||    32
       Tentacles         |     6 |     9 |    12 ||    27
       Short sword       |       |       |    31 ||    31
Throw: Javelin           |       |       |     2 ||     2
Evoke: Wand              |       |       |    10 ||    10
  Use: Scroll            |     2 |       |     4 ||     6
       Potion            |     1 |     5 |     6 ||    12
 Stab: Sleeping          |     4 |     9 |       ||    13
       Distracted        |       |       |     1 ||     1
Armor: Skin              |     3 |     2 |     2 ||     7
Dodge: Dodged            |    15 |    46 |    42 ||   103

Levels and vault maps discovered:
D:4:      nicolae_BIG_FREAKIN_CUBE, layout_rooms, kennysheep_generic_room_7
D:5:      layout_basic, trog_butcher_becter, minmay_temple_entry_overgrown,
          ebering_ghost_rock_garden, hangedman_abyss_or_decor_lesser_grid,
          kennysheep_generic_room_5
D:6:      layout_rooms, elyvilon_altar_5, gammafunk_ghost_grave, uniq_duvessa
D:7:      layout_cave_pools
Temple:   compressed_dpeg_circular_temple

Notes
Turn   | Place    | Note
-------+----------+-------------------------------------------
     0 | D:5      | spaghetti the Octopode Delver began the quest for the Orb.
     0 | D:5      | Reached XP level 1. HP: 16/16 MP: 1/1
     0 | D:5      | magus.rc [v1.9.6]
     1 | D:6      | Noticed a hound
    12 | D:5      | Found a bloodstained altar of Trog.
   154 | D:5      | Reached XP level 2. HP: 21/21 MP: 2/2
   203 | D:5      | Found a staircase to the Ecumenical Temple.
   259 | Temple   | Entered the Ecumenical Temple
   318 | D:5      | Noticed a black bear
   357 | D:5      | Found a runed translucent gate.
   357 | D:5      | Found a runed translucent gate.
   357 | D:5      | Found a runed translucent gate.
   367 | D:5      | Noticed ytrimaz's ghost (novice OpTm)
   382 | D:5      | Reached skill level 4 in Fighting
   382 | D:5      | Reached XP level 3. HP: 17/27 MP: 3/3
   738 | D:5      | Reached skill level 5 in Fighting
   738 | D:5      | Reached XP level 4. HP: 31/35 MP: 4/4
   821 | D:4      | Noticed a black bear
   917 | D:4      | You pick up a book of Burglary and begin reading...
   917 | D:4      | You add the spells Passwall and Swiftness to your library.
  1062 | D:4      | Reached XP level 5. HP: 32/41 MP: 5/5
  1400 | D:4      | HP: 10/41 [black bear (5)]
  1401 | D:4      | Killed a black bear
  1402 | D:4      | Reached skill level 6 in Fighting
  1402 | D:4      | Reached skill level 3 in Axes
  1402 | D:4      | Reached XP level 6. HP: 11/46 MP: 6/6
  1806 | D:4      | You pick up a book of Conjurations {@e2} and begin
                  | reading...
  1806 | D:4      | You add the spells Magic Dart, Searing Ray and Fulminant
                  | Prism to your library.
  2365 | Temple   | Became a worshipper of Gozag Ym Sagoz the Greedy
  2423 | D:6      | You pick up a book of Dangerous Friends and begin
                  | reading...
  2423 | D:6      | You add the spells Summon Guardian Golem, Orb of
                  | Destruction and Spellforged Servitor to your library.
  2542 | D:6      | Reached skill level 4 in Axes
  2542 | D:6      | Reached XP level 7. HP: 45/53 MP: 7/7
  2580 | D:6      | Noticed Duvessa
  2582 | D:6      | Noticed Dowan
  2583 | D:6      | Gained mutation: You are agile. (Dex +2) [potion of
                  | mutation]
  2828 | D:6      | Reached skill level 7 in Fighting
  2852 | D:6      | HP: 12/54 [iguana (9)]
  2988 | D:6      | You pick up a book of Flames and begin reading...
  2988 | D:6      | You add the spells Foxfire, Conjure Flame, Inner Flame and
                  | Flame Wave to your library.
  2993 | D:6      | You add the spells Ozocubu's Armour and Ozocubu's
                  | Refrigeration to your library.
  3158 | D:6      | Killed Duvessa
  3159 | D:6      | Reached skill level 5 in Axes
  3169 | D:6      | Killed Dowan
  3295 | D:6      | Found a runed translucent door.
  3325 | D:6      | Noticed mandarbmax's ghost (novice TrCA)
  3418 | D:6      | Reached skill level 8 in Fighting
  3418 | D:6      | Reached XP level 8. HP: 20/61 MP: 8/8
  3700 | D:6      | Found a white marble altar of Elyvilon.
  3706 | D:6      | Reached skill level 3 in Dodging
  3970 | D:7      | Noticed a boulder beetle
  4021 | D:7      | HP: 14/61 [something (6)]
  4023 | D:7      | HP: 6/61 [something (5)]
  4024 | D:7      | HP: 2/61 [something (4)]
  4024 | D:7      | Slain by a sky beast

Vanquished Creatures
  A water moccasin (D:6)
  Duvessa (D:6)
  2 black bears
  A scorpion (D:6)
  A water moccasin zombie (D:6)
  A water moccasin skeleton (D:5)
  Dowan (D:6)
  A howler monkey (D:4)
  A bullfrog zombie (D:4)
  2 centaur skeletons
  2 jellies (D:6)
  2 hounds
  3 iguanas
  An orc wizard (D:7)
  A howler monkey skeleton (D:6)
  5 adders
  A shadow imp (D:5)
  An ufetubus (D:5)
  17 orcs
  A hobgoblin (D:4)
  A quokka (D:5)
  A kobold (D:4)
  2 rats (D:5)
50 creatures vanquished.

Vanquished Creatures (others)
  2 withered plants (D:6)
2 creatures vanquished.

Grand Total: 52 creatures vanquished

Table legend:
 A = Non-vault XP
 B = Vault XP
 C = Vault XP percentage of total XP
 D = Non-vault monster count
 E = Vault monster count
 F = Vault count percentage of total count
                 A         B        C        D         E       F
            +---------+---------+-------+---------+---------+-------
      Total |    1292 |     218 |  14.4 |      44 |       6 |  12.0
            +---------+---------+-------+---------+---------+-------
        D:4 |     445 |       0 |   0.0 |      20 |       0 |   0.0
        D:5 |     112 |       7 |   5.9 |       7 |       4 |  36.4
        D:6 |     694 |     211 |  23.3 |      14 |       2 |  12.5
        D:7 |      41 |       0 |   0.0 |       3 |       0 |   0.0
            +---------+---------+-------+---------+---------+-------

Illustrated notes

Table legend:
 A = Kills in this place as a percentage of kills in entire the game.
 B = Kills by you in this place as a percentage of kills by you in the entire game.
 C = Kills by friends in this place as a percentage of kills by friends in the entire game.
 D = Other kills in this place as a percentage of other kills in the entire game.
 E = Experience gained in this place as a percentage of experience gained in the entire game.
 F = Experience gained in this place divided by the number of levels of this place that you have seen.
                   A       B       C       D       E      F
               +-------+-------+-------+-------+-------+----------------------
         Total | 100.0 | 100.0 |   N/A |   N/A | 100.0 | 302.0
       Dungeon | 100.0 | 100.0 |   N/A |   N/A | 100.0 | 377.5
               +-------+-------+-------+-------+-------+----------------------

Table legend: (Time is in decaauts)
 A = Elapsed time spent in this place.
 B = Non-inter-level travel time spent in this place.
 C = Inter-level travel time spent in this place.
 D = Time resting spent in this place.
 E = Time spent auto-exploring this place.
 F = Levels seen in this place.
 G = Mean time per level.
                   A        B        C        D        E       F      G
               +--------+--------+--------+--------+--------+-----+--------+
         Total |   4045 |   3837 |    208 |   1537 |   1720 |   5 |  809.0 |
       Dungeon |   3964 |   3801 |    163 |   1537 |   1697 |   4 |  991.0 |
        Temple |     80 |     35 |     45 |      0 |     23 |   1 |   80.0 |
               +--------+--------+--------+--------+--------+-----+--------+

Top non-repeatable levels by time:
     D:4: 1413 daAuts
     D:6: 1183 daAuts
     D:5: 1084 daAuts
     D:7: 282 daAuts
  Temple: 80 daAuts
